 Dungeon Crawl Stone Soup version 0.25-a0-578-gc91f01c39c (webtiles) character file.

Game seed: 17028779327271914464, levelgen mode: deterministic

15 An17 the Vexing (level 2, -2/19 HPs)
             Began as a Vampire Enchanter on Mar 4, 2020.
             Slain by a leopard gecko (4 damage)
             ... on level 1 of the Dungeon.
             The game lasted 00:00:56 (232 turns).

An17 the Vexing (Vampire Enchanter)                  Turns: 232, Time: 00:00:57

Health: -2/19      AC:  2    Str:  7    XL:     2   Next: 34%
Magic:  4/5        EV: 13    Int: 17    God:
Gold:   33         SH:  0    Dex: 14    Spells: 4/5 levels left

rFire    . . .     SeeInvis +   a - +1 dagger
rCold    . . .     Gourm    .   (no shield)
rNeg     . . .     Faith    .   b - +0 robe
rPois    .         Spirit   .   (no helmet)
rElec    .         Reflect  .   (no cloak)
rCorr    .         Harm     .   (no gloves)
MR       .....                  (no boots)
Stlth    +++.......             (no amulet)
HPRegen  0.26/turn              (no ring)
MPRegen  0.09/turn              (no ring)

@: regenerating quickly
A: no food, fangs 3, see invisible, unbreathing
a: Exsanguinate


You were on level 1 of the Dungeon.
You were alive.

You visited 1 branch of the dungeon, and saw 1 of its levels.

You collected 33 gold pieces.

Inventory:

Hand Weapons
 a - a +1 dagger (weapon)
Armour
 b - a +0 robe (worn)
Potions
 c - a potion of magic {unknown}


   Skills:
 + Level 1.1 Short Blades
 * Level 2.4 Dodging
 + Level 4.5 Stealth
 + Level 2.0 Spellcasting
 + Level 5.2 Hexes


You had 4 spell levels left.
You knew the following spells:

 Your Spells              Type           Power        Failure   Level  Hunger
a - Corona                Hex            ###....      2%          1    N/A

Your spell library contained the following spells:

 Spells                   Type           Power        Failure   Level  Hunger
 Confusing Touch          Hex            ###.....     7%          3    N/A
 Tukima's Dance           Hex            ###.....     7%          3    N/A
 Ensorcelled Hibernation  Hex/Ice        ##....       10%         2    N/A
 Dazzling Flash           Conj/Hex       ##....       21%         3    N/A

Dungeon Overview and Level Annotations

Branches:
Dungeon (1/15)

Altars:


Innate Abilities, Weirdness & Mutations

You do not eat.
Your natural rate of healing is unusually fast.
You have razor-sharp teeth.
You have supernaturally acute eyesight. (SInv)
You can survive without breathing.


Message History

Aiming: Corona (safe; 2% risk of failure)
Press: ? - help, Shift-Dir - straight line, f - leopard gecko
Aim: a leopard gecko (chance to defeat MR: 73%)
The leopard gecko is outlined in light.
The leopard gecko closely misses you.
You closely miss the leopard gecko. You bite the leopard gecko.
The leopard gecko is severely wounded.
The leopard gecko completely misses you.
You hit the leopard gecko.
The leopard gecko is almost dead.
The leopard gecko bites you.
You barely miss the leopard gecko.
The leopard gecko is almost dead.
The leopard gecko bites you.
* * * LOW HITPOINT WARNING * * *
You barely miss the leopard gecko. Your bite misses the leopard gecko.
The leopard gecko is almost dead.
The leopard gecko bites you.
* * * LOW HITPOINT WARNING * * *
The leopard gecko bites you.
You die...

*,,,,,,*###,,.....#*****## *,,,
***,,**##..,,#..#.# ###.#####,,,
,******.....*#..#.####.......#,,,
,******..[..##..#.#..........#,.,
***,,***#.......#............#..,
*,,,,,,***#.....................,
,,,,,,,..####..................#*
,,**,*,........####.##.......#,*
,,**,**.....#..l@....#.......#,*
*,**,*,.....######.#.#.......#,**
*,**,*,....,* #.#.#)......#,,,
,,,,,*,...,,* ###.#..########***
*,*,,*,###*** #......## ,,*,,#.#
#.......#
,,,,,#.#***#####.....#.#
,,*.....,,,..........#.#*
,,,..#.#***####......#..*


You could see a leopard gecko.

Vanquished Creatures
  A dart slug (D:1)
  A giant cockroach (D:1)
  A goblin (D:1)
  3 jackals (D:1)
  A kobold (D:1)
  A bat (D:1)
  3 frilled lizards (D:1)
  2 rats (D:1)
13 creatures vanquished.

Notes
Turn   | Place    | Note
-------+----------+-------------------------------------------
     0 | D:1      | An17 the Vampire Enchanter began the quest for the Orb.
     0 | D:1      | Reached XP level 1. HP: 13/13 MP: 3/3
   130 | D:1      | Reached skill level 5 in Hexes
   132 | D:1      | Reached XP level 2. HP: 9/19 MP: 5/5
   232 | D:1      | Slain by a leopard gecko

Levels and vault maps discovered:
D:1:      lightli_arrival_farm, layout_basic, minmay_misc_feat_x

Skill      XL: |  1 |
---------------+----+-----
Hexes          | 5 |  5.2
Short Blades   | |  1.1
Dodging        | |  2.4
Stealth        | |  4.5
Spellcasting   | |  2.0

Action                   || total
-------------------------++-------
Melee: Dagger            ||    72
       Bite              ||     4
 Cast: Corona            ||     2
  Use: Scroll            ||     2
 Stab: Sleeping          ||     3
Armor: Robe              ||    11
Dodge: Dodged            ||    47

Table legend:
 A = Non-vault XP
 B = Vault XP
 C = Vault XP percentage of total XP
 D = Non-vault monster count
 E = Vault monster count
 F = Vault count percentage of total count
                 A         B        C        D         E       F
            +---------+---------+-------+---------+---------+-------
      Total |      22 |       0 |   0.0 |      13 |       0 |   0.0
            +---------+---------+-------+---------+---------+-------
        D:1 |      22 |       0 |   0.0 |      13 |       0 |   0.0
            +---------+---------+-------+---------+---------+-------
